 Dungeon Crawl Stone Soup version 0.27-a0-498-g7ecbb0a48f (webtiles) character file.

Game seed: 251414880895058601

345 siradein the Chucker (level 6, -1/44 HPs)
             Began as a Demonspawn Brigand on Mar 2, 2021.
             Slain by a quokka (3 damage)
             ... on level 3 of the Dungeon.
             The game lasted 00:08:27 (3171 turns).

siradein the Chucker (Demonspawn Brigand)           Turns: 3171, Time: 00:08:27

Health: -1/44      AC: 11    Str: 13    XL:     6   Next: 32%
Magic:  6/6        EV:  3    Int: 13    God:
Gold:   152        SH:  0    Dex: 14    Spells: 5/5 levels left

rFire    . . .     SeeInvis .   m - +2 hand axe (flame)
rCold    . . .     Faith    .   (no shield)
rNeg     . . .     Spirit   .   l - +0 plate armour
rPois    .         Reflect  .   (helmet restricted)
rElec    .         Harm     .   c - +0 cloak
rCorr    .         Rampage  .   (no gloves)
Will     .....                  (no boots)
Stlth    ..........             (no amulet)
HPRegen  0.14/turn              (no ring)
MPRegen  0.10/turn              (no ring)

@: no status effects
A: antennae 2, foul stench 1
a: no special abilities


You were on level 3 of the Dungeon.
You visited 1 branch of the dungeon, and saw 3 of its levels.

You collected 152 gold pieces.

Inventory:

Hand Weapons
 m - a +2 hand axe of flaming (weapon)
Missiles
 d - 11 poisoned darts (quivered)
 e - 2 curare-tipped darts
 i - 112 stones
 k - 47 sling bullets
Armour
 c - a +0 cloak (worn)
 l - a +0 plate armour (worn)
Jewellery
 b - an amulet of regeneration
Scrolls
 f - a scroll of identify
 h - 2 scrolls of enchant weapon
 r - 2 scrolls of teleportation
Potions
 a - a potion of flight {unknown}
 j - a potion of haste {unknown}
 n - 3 potions of might
 o - a potion of brilliance {unknown}
 p - a potion of heal wounds {unknown}
 q - a potion of attraction {unknown}


   Skills:
 - Level 2.0 Fighting
 - Level 2.2 Short Blades
 + Level 3.6 Axes
 + Level 4.5 Throwing
 - Level 0.8 Dodging
 - Level 3.6 Stealth


You had 5 spell levels left.
You didn't know any spells.
Your spell library was empty.

Dungeon Overview and Level Annotations

Branches:
Dungeon (3/15)

Altars:
Okawaru
Trog
Vehumet


Innate Abilities, Weirdness & Mutations

You have a pair of antennae on your head.
You may rarely emit foul miasma when damaged in melee.


Message History

You kill the worm!
An orc priest comes into view. It is wielding a +0 flail.
You see here a worm corpse.
You closely miss the orc. The orc hits you with a +0 flail.
You hit the orc. You burn the orc.
The orc is moderately wounded.
The orc completely misses you.
You barely miss the orc.
The orc is moderately wounded.
The orc hits you with a +0 flail.
You slash the orc! You burn the orc.
You kill the orc!
You closely miss the orc priest.
The orc priest hits you but does no damage.
You completely miss the orc priest.
The orc priest hits you but does no damage.
You barely miss the orc priest. The orc priest barely misses you.
You closely miss the orc priest.
The orc priest invokes the aid of Beogh against you.
Beogh smites you!
A quokka comes into view.
You hit the orc priest. You burn the orc priest.
The orc priest is heavily wounded.
The orc priest hits you with a +0 flail.
* * * LOW HITPOINT WARNING * * *
You closely miss the orc priest.
The orc priest is heavily wounded.
The orc priest invokes the aid of Beogh against you.
Pain shoots through your body!
* * * LOW HITPOINT WARNING * * *
You hit the orc priest. You burn the orc priest.
The orc priest is almost dead.
The orc priest barely misses you.
You slash the orc priest! You burn the orc priest.
You kill the orc priest!
An orc comes into view.
The quokka barely misses you.
The orc shouts!
You hit the quokka but do no damage. The quokka bites you.
You die...

#.##.####.###
######.##.# #..#
#.#.###........^###.##
.....$....)..........###
.#.###.#####.######.##.
#.# #.# #.##. #.# #.#
#.##. #r# #.# #.##. #@#
#.# #.##† #))...#.#
#.##. .o###.#.# #....
...# #.... ..... #.##.
.....# ...##. #.....#
######. ....o.# #.. # #
# ..## ###..


You could see 2 orcs and a quokka.

Vanquished Creatures
  Sigmund (D:3)
  2 orc priests (D:3)
  Terence (D:2)
  3 adders
  4 worms
  A dart slug (D:2)
  3 leopard geckos
  4 orcs (D:3)
  3 giant cockroaches
  9 goblins
  5 hobgoblins
  9 jackals
  A quokka (D:2)
  6 bats
  4 frilled lizards (D:2)
  5 kobolds
  8 rats
69 creatures vanquished.

Notes
Turn   | Place    | Note
-------+----------+-------------------------------------------
     0 | D:1      | siradein the Demonspawn Brigand began the quest for the
                  | Orb.
     0 | D:1      | Reached XP level 1. HP: 16/16 MP: 1/1
    76 | D:1      | Reached skill level 2 in Throwing
   506 | D:1      | Gained mutation: You have a pair of small antennae on your
                  | head. [demonic ancestry]
   506 | D:1      | Reached XP level 2. HP: 22/22 MP: 2/2
   617 | D:1      | Found a radiant altar of Vehumet.
   837 | D:1      | Reached XP level 3. HP: 27/27 MP: 3/3
  1201 | D:2      | Reached skill level 1 in Axes
  1256 | D:2      | Found an iron altar of Okawaru.
  1655 | D:2      | Reached skill level 3 in Throwing
  1727 | D:2      | Noticed Terence
  1737 | D:2      | Reached XP level 4. HP: 32/33 MP: 4/4
  1752 | D:2      | Killed Terence
  2108 | D:3      | Found a bloodstained altar of Trog.
  2346 | D:3      | Gained mutation: You may rarely emit foul miasma when
                  | damaged in melee. [demonic ancestry]
  2346 | D:3      | Reached XP level 5. HP: 35/38 MP: 5/5
  2496 | D:3      | Noticed Sigmund
  3042 | D:3      | Killed Sigmund
  3043 | D:3      | Reached skill level 4 in Throwing
  3043 | D:3      | Gained mutation: You have a pair of antennae on your head.
                  | [demonic ancestry]
  3043 | D:3      | Reached XP level 6. HP: 31/44 MP: 6/6
  3168 | D:3      | HP: 2/44 [orc priest/nerve-wracking pain (10)]
  3171 | D:3      | Slain by a quokka

Illustrated notes

Levels and vault maps discovered:
D:1:      amcnicky_arrival_abandoned_market, layout_loops_corners,
          minmay_hexomino_r4
D:2:      layout_loops_ring, okawaru_metal_pillars_1_2, uniq_terence
D:3:      layout_loops_ring, kennysheep_vampire_church, dancing_weapons_uskayaw,
          lemuel_crystal_altar, uniq_sigmund

Skill      XL: |  1  2  3  4  5 |
---------------+----------------+-----
Short Blades   | 2 |  2.2
Throwing       | 2 3 4 |  4.5
Axes           | 1 2 3 |  3.6
Fighting       | |  2.0
Dodging        | |  0.8
Stealth        | |  3.6

Action                   |  1- 3 |  4- 6 || total
-------------------------+-------+-------++-------
Melee: Dagger            |    28 |       ||    28
       Hand axe          |   114 |   106 ||   220
  Use: Scroll            |     6 |       ||     6
       Potion            |       |     1 ||     1
 Stab: Sleeping          |     1 |       ||     1
Armor: Robe              |    15 |       ||    15
       Plate armour      |   151 |    56 ||   207
Dodge: Dodged            |    33 |    12 ||    45

Table legend: (Time is in decaauts)
 A = Elapsed time spent in this place.
 B = Non-inter-level travel time spent in this place.
 C = Inter-level travel time spent in this place.
 D = Time resting spent in this place.
 E = Time spent auto-exploring this place.
 F = Levels seen in this place.
 G = Mean time per level.
                   A        B        C        D        E       F      G
               +--------+--------+--------+--------+--------+-----+--------+
         Total |   3216 |   3174 |     42 |    444 |   2065 |   3 | 1072.0 |
       Dungeon |   3216 |   3174 |     42 |    444 |   2065 |   3 | 1072.0 |
               +--------+--------+--------+--------+--------+-----+--------+

Top non-repeatable levels by time:
     D:2: 1314 daAuts
     D:1: 1150 daAuts
     D:3: 751 daAuts
